 Dungeon Crawl Stone Soup version 0.31-a0-182-gc5ef74bbde (webtiles) character file.

Game seed: 9260724802577763139

2450 qw the Cleaver (level 9, -3/55 HPs)
             Began as a Gargoyle Fighter on June 20, 2023.
             Was a Follower of Okawaru.
             Killed by divine providence
             ... invoked by an orc priest
              (13 damage)
             ... on level 8 of the Dungeon.
             The game lasted 00:03:14 (6110 turns).

qw the Cleaver (Gargoyle Fighter)                   Turns: 6110, Time: 00:03:15

Health: -3/55      AC: 29    Str: 25    XL:     9   Next: 50%
Magic:  7/9        EV:  8    Int:  8    God:    Okawaru [*.....]
Gold:   384        SH: 17    Dex: 15    Spells: 8/8 levels left

rFire   . . .        Y - +2 war axe
rCold   . . .        u - +0 tower shield
rNeg    + . .        t - +0 plate armour
rPois   inf          i - +1 helmet
rElec   +            r - +2 cloak
rCorr   .            (no gloves)
SInv    .            f - +2 pair of boots
Will    .....        (no amulet) Stlth
                     n - +6 ring of dexterity
HPRegen 0.29/turn    (no ring)
MPRegen 0.11/turn

%: no passive effects
@: about to teleport, heroic
A: sickness immunity, AC +6, negative energy resistance 1, electricity
resistance, torment resistance 1, petrification resistance, low MP 1, mutation
resistance 1, wild magic 1
a: Renounce Religion, Heroism


You were on level 8 of the Dungeon.
You worshipped Okawaru.
Okawaru was aware of your devotion.
You visited 1 branch of the dungeon, and saw 8 of its levels.

You collected 384 gold pieces.


Innate Abilities, Weirdness & Mutations

You are immune to sickness and miasma.
Your stone body is resilient. (AC +6)
You are immune to poison.
You resist negative energy. (rN+)
You are resistant to electric shocks. (rElec)
You are resistant to unholy torment.
You are immune to petrification.
Your magical capacity is low. (-10% MP)
You are somewhat resistant to further mutation.
Your spells are a little harder to cast, but a little more powerful.


   Skills:
 - Level 6.1(11.1) Fighting
 - Level 8.2(13.2) Axes
 - Level 1.3(6.3) Throwing
 - Level 4.1(9.1) Armour
 - Level 1.8(6.8) Dodging
 + Level 7.4(12.4) Shields
 + Level 2.3 Invocations


You had 8 spell levels left.
You didn't know any spells.
Your spell library was empty.

Inventory:

Hand Weapons
 s - a +0 flail
 Y - a +2 war axe (weapon)
Missiles
 p - a boomerang (quivered)
Armour
 f - a +2 pair of boots (worn)
 i - a +1 helmet (worn)
 r - a +2 cloak (worn)
 t - a +0 plate armour (worn)
 u - a +0 tower shield (worn)
Jewellery
 n - a +6 ring of dexterity (left hand)
 q - an amulet of guardian spirit
Scrolls
 b - a scroll of identify
 o - 3 scrolls of teleportation
Potions
 a - a potion of attraction
 c - a potion of curing
 d - 4 potions of might
 e - 2 potions of enlightenment
 g - a potion of lignification
 h - a potion of magic
 j - a potion of mutation
 k - 3 potions of haste
 l - 2 potions of resistance
 m - 3 potions of heal wounds

Dungeon Overview and Level Annotations

Branches:
Dungeon (8/15)             Temple (0/1) D:7
   Lair: D:8-11

Altars:
Ashenzari
Dithmenos
Hepliaklqana
Kikubaaqudgha
Okawaru
Xom
The Shining One

Shops:
D:1 [


Message History

You hit the orc priest but do no damage.
You hit the red ugly thing.
You block the centaur warrior's attack. x2; The red ugly thing misses you.
An orc wizard comes into view. It is wielding a +0 dagger.
The orc priest miscasts a cantrip.
You barely miss the centaur warrior.
The centaur warrior is severely wounded.
You hit the red ugly thing.
You hit the orc priest but do no damage.
The centaur warrior hits you but does no damage.
The centaur warrior kicks you but does no damage.
You block the red ugly thing's attack. The centaur warrior closely misses you.
You block the centaur warrior's attack.
You hit the centaur warrior.
The centaur warrior is severely wounded.
You hit the red ugly thing. You slash the orc priest!
You block the orc priest's attack.
An orc wizard comes into view. It is wielding a +0 dagger of venom.
You block the centaur warrior's attack.
The centaur warrior kicks you but does no damage.
The red ugly thing pecks you.
You are engulfed in flames!!
You slash the orc priest!
You kill the orc priest!
Okawaru accepts your kill.
You slash the red ugly thing! You closely miss the orc wizard.
You slash the centaur warrior! The centaur warrior hits you.
You block the centaur warrior's attack.
An orc priest comes into view. It is wielding a +0 whip.
You block the orc wizard's attack.
An orc comes into view. It is wielding a +0 hand axe.
The red ugly thing pecks you but does no damage.
The centaur warrior hits you.
The centaur warrior kicks you but does no damage.
6110 ||| READING 4 scrolls of teleportation.
As you read the scroll of teleportation, it crumbles to dust.
You feel strangely unstable.
The orc priest shouts!
You hear a shout! x2
The orc priest calls down the wrath of Beogh upon you.
Beogh smites you!
You die...

.#.........#..
................
#...............
................
...$............
#............o..
#......#........
#.......o.....o.
##...c@)..##...
#....)u....o..
##.............
..............o#
..#.....#.....##
. ##...##.....#
##.# ...... #.
###...


You could see a red ugly thing, a centaur warrior, an orc priest, 3 orc wizards
and an orc.

Vanquished Creatures
  4 black bears
  An orc warrior (D:6)
  An ice beast (D:6)
  A centaur (D:8)
  A phantom (D:6)
  2 bullfrogs (D:7)
  A gnoll sergeant (D:7)
  2 scorpions
  5 killer bees (D:7)
  2 howler monkeys (D:7)
  4 crimson imps (D:5)
  3 hounds
  2 gnoll boudas
  2 jellies
  4 orc priests
  3 iguanas
  4 sleepcaps
  7 orc wizards
  14 gnolls
  5 adders
  A shadow imp (D:6)
  2 white imps
  2 worms
  4 dart slugs
  15 orcs
  7 ball pythons
  6 bats
  9 endoplasms
  5 giant cockroaches
  11 goblins
  6 hobgoblins
  10 jackals
  2 quokkas
  3 frilled lizards
  9 kobolds
  11 rats
171 creatures vanquished.

Notes
Turn   | Place    | Note
-------+----------+-------------------------------------------
     0 | D:1      | qw the Gargoyle Fighter began the quest for the Orb.
     0 | D:1      | Reached XP level 1. HP: 14/14 MP: 1/1
     0 | D:1      | 0 ||| qw: Version: 0.3-a-9-g12657ce
     0 | D:1      | 0 ||| qw: Game counter: 1241
     0 | D:1      | 0 ||| qw: Always use a shield: true
     0 | D:1      | 0 ||| qw: God list: Okawaru
     0 | D:1      | 0 ||| qw: Allow faded altars: false
     0 | D:1      | 0 ||| qw: Do Orc after D:15 true
     0 | D:1      | 0 ||| qw: Do second Lair branch before Depths: true
     0 | D:1      | 0 ||| qw: Lair rune preference: random
     0 | D:1      | 0 ||| qw: Plans: Normal, Zot:1-4, Slime:5, God:TSO, Crypt,
                  | Tomb, Abyss, Pan, Hells, Win
     0 | D:1      | 0 ||| PLANNING D:1-11
    20 | D:1      | 20 ||| Stepping ~*~*~tactically~*~*~ (hiding).
    22 | D:1      | 22 ||| Stepping ~*~*~tactically~*~*~ (hiding).
    28 | D:1      | Reached skill level 2 in Axes
   187 | D:1      | Found Koymoss's Antique Armour Shoppe.
   193 | D:1      | Reached XP level 2. HP: 17/19 MP: 2/2
   205 | D:1      | 205 ||| SHOPLISTING glowing chain mail (217 gold, have 0).
   205 | D:1      | 205 ||| SHOPLISTING pair of gloves (130 gold, have 0).
   205 | D:1      | 205 ||| SHOPLISTING scorched scale mail (261 gold, have 0).
   205 | D:1      | 205 ||| SHOPLISTING twisted leather armour (203 gold, have
                  | 0).
   248 | D:1      | 248 ||| Stepping ~*~*~tactically~*~*~ (stealth).
   372 | D:1      | 372 ||| Stepping ~*~*~tactically~*~*~ (stealth).
   378 | D:1      | Reached skill level 3 in Axes
   426 | D:1      | Reached XP level 3. HP: 23/23 MP: 3/3
   619 | D:1      | 619 ||| Stepping ~*~*~tactically~*~*~ (hiding).
   645 | D:1      | 645 ||| DROPPING +0 club.
   770 | D:1      | 770 ||| Stepping ~*~*~tactically~*~*~ (stealth).
   772 | D:1      | 772 ||| Stepping ~*~*~tactically~*~*~ (stealth).
   977 | D:1      | 977 ||| READING scroll labelled PECKACVO JEAN.
   978 | D:1      | 978 ||| READING scroll labelled ONAOXYUKAS.
   979 | D:1      | 979 ||| READING scroll labelled MOPTAECOWE.
   982 | D:1      | 982 ||| DRINKING 2 cyan potions.
   983 | D:1      | 983 ||| DRINKING 2 fizzy coppery potions.
   983 | D:1      | Gained mutation: Your spells are a little harder to cast,
                  | but a little more powerful. [potion of mutation]
   983 | D:1      | Gained mutation: You are somewhat resistant to further
                  | mutation. [potion of mutation]
   983 | D:1      | Gained mutation: Your magical capacity is low. (-10% MP)
                  | [potion of mutation]
   984 | D:1      | 984 ||| DRINKING 2 white potions.
  1025 | D:2      | 1025 ||| Stepping ~*~*~tactically~*~*~ (hiding).
  1109 | D:2      | 1109 ||| FLEEEEING.
  1153 | D:2      | 1153 ||| Stepping ~*~*~tactically~*~*~ (stealth).
  1333 | D:2      | Reached XP level 4. HP: 28/28 MP: 3/3
  1522 | D:2      | Reached skill level 4 in Axes
  1592 | D:2      | 1592 ||| UPGRADING to +0 chain mail.
  1602 | D:2      | 1602 ||| DROPPING +0 scale mail.
  1603 | D:2      | 1603 ||| UPGRADING to amulet of guardian spirit.
  1608 | D:2      | 1608 ||| UPGRADING to +6 ring of dexterity.
  1609 | D:2      | 1609 ||| READING scroll labelled XYETZUKYUC BIC.
  1610 | D:2      | 1610 ||| READING scroll labelled ASEFAL WEUMP.
  1611 | D:2      | 1611 ||| READING scroll labelled ZAGODIFUOP.
  1612 | D:2      | 1612 ||| DRINKING 2 emerald potions.
  1687 | D:3      | Noticed a scorpion
  1694 | D:3      | Reached skill level 1 in Dodging
  1698 | D:3      | Killed a scorpion
  1699 | D:3      | Reached XP level 5. HP: 20/32 MP: 2/4
  1752 | D:3      | 1752 ||| Stepping ~*~*~tactically~*~*~ (stealth).
  1887 | D:3      | 1887 ||| Stepping ~*~*~tactically~*~*~ (stealth).
  1959 | D:3      | Found a shadowy altar of Dithmenos.
  2066 | D:3      | Reached skill level 5 in Axes
  2280 | D:3      | 2280 ||| READING scroll labelled XYIPOU VUPEKHLIOCS.
  2281 | D:3      | 2281 ||| READING 3 scrolls of identify.
  2281 | D:3      | 2281 ||| IDENTIFYING sedimented yellow potion
  2282 | D:3      | 2282 ||| READING 2 scrolls of identify.
  2282 | D:3      | 2282 ||| IDENTIFYING bubbling green potion
  2311 | D:4      | 2311 ||| Stepping ~*~*~tactically~*~*~ (stealth).
  2313 | D:4      | 2313 ||| Stepping ~*~*~tactically~*~*~ (hiding).
  2324 | D:4      | Reached XP level 6. HP: 37/37 MP: 5/5
  2386 | D:4      | 2386 ||| UPGRADING to +0 helmet.
  2391 | D:4      | 2391 ||| READING scroll labelled SUOSEM YN IHAI.
  2392 | D:4      | 2392 ||| READING 2 scrolls of identify.
  2392 | D:4      | 2392 ||| IDENTIFYING bubbling sapphire potion
  2400 | D:4      | 2400 ||| STAIRDANCE
  2495 | D:4      | 2495 ||| Stepping ~*~*~tactically~*~*~ (hiding).
  2504 | D:4      | 2504 ||| DRINKING 2 potions of curing.
  2504 | D:4      | 2504 ||| (to cure confusion)
  2508 | D:4      | 2508 ||| DRINKING potion of curing.
  2508 | D:4      | 2508 ||| (to cure confusion)
  2542 | D:4      | 2542 ||| Stepping ~*~*~tactically~*~*~ (stealth).
  2544 | D:4      | 2544 ||| Stepping ~*~*~tactically~*~*~ (hiding).
  2817 | D:4      | 2817 ||| DROPPING +0 whip.
  2927 | D:4      | 2927 ||| Stepping ~*~*~tactically~*~*~ (hiding).
  2947 | D:4      | Reached skill level 6 in Axes
  2954 | D:4      | Reached XP level 7. HP: 30/43 MP: 3/6
  3271 | D:4      | Found an ancient bone altar of Kikubaaqudgha.
  3313 | D:4      | 3313 ||| READING scroll labelled VISHRO OPYSITS.
  3314 | D:4      | 3314 ||| READING scroll labelled PONKUS ATZI.
  3315 | D:4      | 3315 ||| READING scroll labelled PEDEUN MOID.
  3345 | D:4      | 3345 ||| READING 2 scrolls of identify.
  3345 | D:4      | 3345 ||| IDENTIFYING glowing clear potion
  3346 | D:4      | 3346 ||| DROPPING potion of degeneration.
  3396 | D:5      | Entered Level 5 of the Dungeon
  3408 | D:5      | HP: 9/43 [gnoll/+0 spear[a gnoll bouda] (4)]
  3409 | D:5      | 3409 ||| READING 2 scrolls of teleportation.
  3410 | D:5      | 3410 ||| DRINKING 2 potions of heal wounds.
  3669 | D:5      | 3669 ||| Stepping ~*~*~tactically~*~*~ (stealth).
  3681 | D:5      | Found a shimmering altar of Xom.
  3690 | D:5      | Reached skill level 7 in Axes
  3714 | D:5      | 3714 ||| Stepping ~*~*~tactically~*~*~ (hiding).
  3803 | D:5      | 3803 ||| READING scroll of enchant armour.
  3803 | D:5      | 3803 ||| ENCHANTING +0 helmet.
  3930 | D:5      | 3930 ||| Stepping ~*~*~tactically~*~*~ (stealth).
  3991 | D:5      | Reached skill level 1 in Throwing
  3993 | D:5      | Reached XP level 8. HP: 49/49 MP: 7/7
  4016 | D:5      | 4016 ||| UPGRADING to +2 cloak.
  4021 | D:5      | 4021 ||| DRINKING 2 red potions.
  4022 | D:5      | 4022 ||| READING 2 scrolls of identify.
  4022 | D:5      | 4022 ||| IDENTIFYING blue potion
  4071 | D:6      | 4071 ||| Stepping ~*~*~tactically~*~*~ (stealth).
  4073 | D:6      | 4073 ||| Stepping ~*~*~tactically~*~*~ (hiding).
  4277 | D:6      | 4277 ||| Stepping ~*~*~tactically~*~*~ (stealth).
  4278 | D:6      | 4278 ||| Stepping ~*~*~tactically~*~*~ (stealth).
  4373 | D:6      | 4373 ||| Stepping ~*~*~tactically~*~*~ (hiding).
  4375 | D:6      | 4375 ||| Stepping ~*~*~tactically~*~*~ (hiding).
  4378 | D:6      | Found a glowing golden altar of the Shining One.
  4391 | D:6      | Reached skill level 8 in Axes
  4622 | D:6      | Reached skill level 6 in Fighting
  4653 | D:6      | Found a broken altar of Ashenzari.
  4653 | D:6      | Found a hazy altar of Hepliaklqana.
  4653 | D:6      | Found an iron altar of Okawaru.
  4654 | D:6      | 4654 ||| PLANNING OKAWARU WORSHIP
  4663 | D:6      | 4663 ||| UPGRADING to +0 tower shield.
  4673 | D:6      | 4673 ||| DROPPING +0 buckler.
  4674 | D:6      | 4674 ||| READING scroll labelled UFFUEV YDOBRUA.
  4675 | D:6      | 4675 ||| READING 4 scrolls of identify.
  4675 | D:6      | 4675 ||| IDENTIFYING glowing amethyst potion
  4676 | D:6      | 4676 ||| READING 3 scrolls of identify.
  4676 | D:6      | 4676 ||| IDENTIFYING lumpy coppery potion
  4677 | D:6      | 4677 ||| DROPPING potion of ambrosia.
  4678 | D:6      | 4678 ||| DROPPING potion of brilliance.
  4685 | D:6      | Became a worshipper of Warmaster Okawaru
  4686 | D:6      | 4686 ||| PLANNING D:1-11
  4686 | D:6      | 4686 ||| REMOVING amulet of guardian spirit.
  4749 | D:6      | 4749 ||| Stepping ~*~*~tactically~*~*~ (hiding).
  5067 | D:6      | 5067 ||| UPGRADING to +0 plate armour.
  5077 | D:6      | 5077 ||| DROPPING +0 chain mail.
  5078 | D:6      | 5078 ||| READING 2 scrolls of identify.
  5078 | D:6      | 5078 ||| IDENTIFYING sedimented dark potion
  5079 | D:6      | 5079 ||| DROPPING potion of invisibility.
  5229 | D:7      | Reached XP level 9. HP: 55/55 MP: 8/8
  5269 | D:7      | 5269 ||| Stepping ~*~*~tactically~*~*~ (stealth).
  5277 | D:7      | 5277 ||| Stepping ~*~*~tactically~*~*~ (stealth).
  5298 | D:7      | Reached skill level 6 in Shields
  5465 | D:7      | 5465 ||| Stepping ~*~*~tactically~*~*~ (hiding).
  5471 | D:7      | 5471 ||| Stepping ~*~*~tactically~*~*~ (hiding).
  5566 | D:7      | Reached * piety under Okawaru
  5779 | D:7      | Found a staircase to the Ecumenical Temple.
  5780 | D:7      | 5780 ||| Stepping ~*~*~tactically~*~*~ (hiding).
  5805 | D:7      | Reached skill level 1 in Invocations
  5811 | D:7      | 5811 ||| READING scroll of enchant weapon.
  5811 | D:7      | 5811 ||| ENCHANTING +1 war axe.
  6077 | D:7      | 6077 ||| UPGRADING to +2 pair of boots.
  6093 | D:8      | 6093 ||| INVOKING Heroism.
  6094 | D:8      | Noticed a red ugly thing
  6094 | D:8      | Noticed a centaur warrior
  6105 | D:8      | 6105 ||| INVOKING Heroism.
  6109 | D:8      | HP: 10/55 [centaur warrior (6)]
  6110 | D:8      | 6110 ||| READING 4 scrolls of teleportation.
  6110 | D:8      | Killed from afar by an orc priest

Levels and vault maps discovered:
D:1:      minmay_arrival_four_circles, layout_loops_ring, serial_shops,
          nicolae_shop_trees, dk_noncrumbling_4
D:2:      layout_rooms
D:3:      layout_rooms, nicolae_overflow_hidden_temple
D:4:      layout_cave_pods, kiku_gazebo_garden_becter, minmay_unequal
D:5:      layout_rooms, led_xom_imps
D:6:      layout_basic, mainiacjoe_overflow_cross_hatched,
          gammafunk_temple_overflow_claw
D:7:      layout_loops_ring, minmay_temple_entry_nine_rooms,
          chequers_serial_rivers_room_a
D:8:      layout_cave_pools, mainiacjoe_overflow_chevrons, kb_rosetta,
          uniq_pikel, uniq_prince_ribbit1, uniq_maurice

Skill      XL: |  1  2  3  4  5  6  7  8  9 |
---------------+----------------------------+-----
Axes           | 2 3 4 5 6 7 8 |  8.2
Dodging        | 1 |  1.8
Fighting       | 4 5 6 |  6.1
Throwing       | 1 |  1.3
Armour         | 4 |  4.1
Shields        | 4 7 |  7.4
Invocations    | 2 |  2.3

Action                     |  1- 3 |  4- 6 |  7- 9 || total
---------------------------+-------+-------+-------++-------
  Melee: War axe           |   135 |   138 |   241 ||   514
  Throw: Boomerang         |       |    28 |    61 ||    89
 Invoke: Heroism           |       |       |     2 ||     2
    Use: Scroll            |     3 |     8 |    13 ||    24
         Potion            |     3 |     3 |     2 ||     8
 Armour: Scale mail        |    64 |     5 |       ||    69
         Chain mail        |       |    90 |   124 ||   214
         Plate armour      |       |       |    55 ||    55
  Dodge: Dodged            |    54 |    46 |    75 ||   175
  Block: Buckler           |    21 |    22 |    32 ||    75
         Tower shield      |       |       |   100 ||   100

Table legend:
 A = Non-vault XP
 B = Vault XP
 C = Vault XP percentage of total XP
 D = Non-vault monster count
 E = Vault monster count
 F = Vault count percentage of total count
                 A         B        C        D         E       F
            +---------+---------+-------+---------+---------+-------
      Total |    3292 |     209 |   6.0 |     165 |       6 |   3.5
            +---------+---------+-------+---------+---------+-------
        D:1 |      60 |       0 |   0.0 |      35 |       0 |   0.0
        D:2 |      45 |       0 |   0.0 |      17 |       0 |   0.0
        D:3 |     211 |       0 |   0.0 |      27 |       0 |   0.0
        D:4 |     314 |      15 |   4.6 |      22 |       2 |   8.3
        D:5 |     432 |     194 |  31.0 |      19 |       4 |  17.4
        D:6 |    1050 |       0 |   0.0 |      20 |       0 |   0.0
        D:7 |     903 |       0 |   0.0 |      22 |       0 |   0.0
        D:8 |     277 |       0 |   0.0 |       3 |       0 |   0.0
            +---------+---------+-------+---------+---------+-------
